 Dungeon Crawl Stone Soup version 0.18.1-50-g88ac8fd (webtiles) character file.

14 rikas the Magician (level 2, -1/17 HPs)
             Began as a High Elf Wizard on Sept 15, 2016.
             Was a Follower of Vehumet.
             Slain by Jessica (2 damage)
             ... on level 2 of the Dungeon.
             The game lasted 00:07:28 (886 turns).

rikas the Magician (High Elf Wizard)                 Turns: 886, Time: 00:07:29

Health: -1/17      AC:  2    Str: 10    XL:     2   Next: 27%
Magic:  0/8        EV: 12    Int: 21    God:    Vehumet [*.....]
Gold:   11         SH:  0    Dex: 13    Spells: 1 memorised, 8 levels left

rFire  . . .     SeeInvis .     k - +0 dagger
rCold  . . .     Gourm    .     a - +0 robe
rNeg   . . .     Faith    .     (no shield)
rPois  .         Spirit   .     b - +0 hat
rElec  .         Dismiss  .     (no cloak)
rCorr  .         Reflect  .     (no gloves)
SustAt .         Harm     .     (no boots)
MR     .....                    (no amulet)
Stlth  ++........               (no ring)
                                g - +4 ring of strength

@: slowed, very slow, not resistant to hostile enchantments, unstealthy
A: no striking features
a: Renounce Religion


You were on level 2 of the Dungeon.
You worshipped Vehumet.
Vehumet was aware of your devotion.
You were not hungry.

You visited 1 branch of the dungeon, and saw 2 of its levels.

You collected 11 gold pieces.

Inventory:

Hand Weapons
 k - a +0 dagger (weapon)
Armour
 a - a +0 robe (worn)
 b - a +0 hat (worn)
Jewellery
 f - an uncursed ring of wizardry {unknown}
 g - a +4 ring of strength (left hand)
Scrolls
 j - a scroll of remove curse {unknown}
 m - 2 scrolls of identify {unknown}
 n - a scroll of noise {unknown}
Potions
 e - 2 potions of curing {unknown}
 h - a potion of invisibility {unknown}
 i - a potion of berserk rage {unknown}
 l - 3 potions of lignification {unknown}
Books
 c - a book of Minor Magic

   Spells                             Type                      Level
   a - Magic Dart                     Conjuration                  1
   b - Blink                          Translocation                2
   c - Call Imp                       Summoning                    2
   d - Repel Missiles                 Charms/Air                   2
   e - Slow                           Hexes                        2
   f - Conjure Flame                  Conjuration/Fire             3
   g - Mephitic Cloud                 Conjuration/Poison/Air       3
Comestibles
 d - 2 bread rations
 o - 2 chunks of flesh


   Skills:
 + Level 2.3 Dodging
 + Level 2.3 Stealth
 + Level 4.2 Spellcasting
 + Level 1.1 Conjurations
   Level 0.8 Summonings
   Level 1.1 Translocations


You had 8 spell levels left.
You knew the following spells:

 Your Spells              Type           Power        Failure   Level  Hunger
a - Magic Dart            Conj           #...         10%         1    None


Dungeon Overview and Level Annotations

Branches:
Dungeon (2/15)

Altars:
Nemelex Xobeh
Vehumet

Annotations:
D:2 Jessica


Message History

Confirm with . or Enter, or press ? or * to list all spells.
Aiming: Magic Dart
Press: ? - help, Shift-Dir - straight line, f - Jessica
Aim: Jessica, wearing a robe (heavily wounded, fast)
The magic dart hits Jessica.
Jessica is severely wounded.
Jessica points at you and mumbles some strange words.
Pain shoots through your body! Jessica barely misses you.
You hit Jessica.
Jessica is almost dead.
Jessica hits you.
* * * LOW HITPOINT WARNING * * *
Jessica hits you.
* * * LOW HITPOINT WARNING * * *
Casting: Magic Dart
Confirm with . or Enter, or press ? or * to list all spells.
You don't have enough magic to cast that spell.
Jessica casts a spell.
Jessica blinks!
Jessica hits you.
You die...

###### ### . ........#
.. .......# .#.. ...
...#..#.#)... ..
..#..#......
#.#.#..#......
#...#..#.....
####<........
#...@@..#### ....
##+###...### ....
#....#§....#
#......#.....†.#..#
#......#......#_#.#
#!.............#..# .
#...!.............# ..
#.................##...
#......##.#............


You could see Jessica.

Vanquished Creatures
  A ball python (D:1)
  A giant cockroach (D:2)
  3 goblins
  3 hobgoblins (D:1)
  A kobold (D:1)
  A bat (D:1)
  A giant newt (D:1)
  A rat (D:1)
12 creatures vanquished.

Notes
Turn   | Place    | Note
--------------------------------------------------------------
     0 | D:1      | rikas the High Elf Wizard began the quest for the Orb.
     0 | D:1      | Reached XP level 1. HP: 11/11 MP: 6/6
   315 | D:1      | Reached skill level 4 in Spellcasting
   338 | D:1      | Found a sparkling altar of Nemelex Xobeh.
   379 | D:1      | Reached XP level 2. HP: 17/17 MP: 4/8
   832 | D:2      | Found a faded altar to an unknown god.
   838 | D:2      | Became a worshipper of Vehumet
   838 | D:2      | Reached * piety under Vehumet
   838 | D:2      | Offered knowledge of Freeze by Vehumet.
   859 | D:2      | Noticed Jessica
   886 | D:2      | Slain by Jessica

Skill      XL: |  1 |
---------------+----+-----
Spellcasting   | 4 |  4.2
Dodging        | |  2.3
Stealth        | |  2.3
Conjurations   | |  1.1
Summonings     | |  0.8
Translocations | |  1.1

Action                   || total
-------------------------++-------
Melee: Unarmed           ||     6
       Dagger            ||    11
 Cast: Magic Dart        ||    35
Armor: Robe              ||     5
Dodge: Dodged            ||    13
